 Dungeon Sprint DCSS version 0.22.1-1-ga44c0e56f4 (webtiles) character file.

1183 MuseOD the Spear-Bearer (level 8, 0/75 HPs)
             Began as a Merfolk Berserker on Oct 4, 2018.
             Was an Elder of Trog.
             Slain by a tyrant leech (2 damage)
             ... in the Dungeon (Sprint II: "The Violet Keep of Menkaure").
             The game lasted 00:01:27 (368 turns).

MuseOD the Spear-Bearer (Merfolk Berserker)          Turns: 368, Time: 00:01:28

Health: 0/75       AC:  1    Str: 19    XL:     8   Next: 42%
Magic:  7/7        EV: 18    Int:  5    God:    Trog [****..]
Gold:   972        SH:  0    Dex: 13    Spells: 7/7 levels left

rFire    . . .     SeeInvis .   a - +0 spear
rCold    . . .     Gourm    .   (no shield)
rNeg     . . .     Faith    .   b - +0 animal skin
rPois    .         Spirit   .   (no helmet)
rElec    .         Reflect  .   (no cloak)
rCorr    .         Harm     .   (no gloves)
MR       .....     NoTele   +   (no boots)
Stlth    +++.......             (no amulet)
HPRegen  0.22/turn              (no ring)
MPRegen  0.10/turn              (no ring)

@: berserk cooldown, slowed, very slow
A: change form in water, swift swim, stealthy swim, deformed body, dopey 1, low
mp 1
a: Berserk, Trog's Hand, Brothers in Arms, Renounce Religion


You were in the Dungeon.
You worshipped Trog.
Trog was greatly pleased with you.
You were hungry.

You visited 1 branch You collected 972 gold pieces.

Inventory:

Hand Weapons
 a - a +0 spear (weapon)
Armour
 b - a +0 animal skin (worn)
Scrolls
 i - a scroll of blinking
Potions
 d - a potion of curing
 f - a potion of haste
 g - 2 potions of magic
 h - a potion of berserk rage
Comestibles
 c - a ration


   Skills:
 + Level 11.0 Fighting
 + Level 14.5 Polearms
 + Level 5.4 Armour
 + Level 9.7 Dodging
 + Level 6.3 Stealth


You had 7 spell levels left.
You didn't know any spells.
Your spell library was empty.

Dungeon Overview and Level Annotations

Branches:
Dungeon (1/1)

Altars:


Innate Abilities, Weirdness & Mutations

You revert to your normal form in water.
You are very nimble and swift while swimming.
You are very stealthy in the water. (Stealth+)
Armour fits poorly on your strangely shaped body.
You are dopey. (Int -2)
Your magical capacity is low. (-10% MP)


Message History

You open the door.
There are monsters nearby!
You fail to use your ability.
The tyrant leech bites you.
* * * LOW HITPOINT WARNING * * *
The tyrant leech draws strength from your injuries!
Unknown command.
The tyrant leech bites you!
* * * LOW HITPOINT WARNING * * *
The tyrant leech draws strength from your injuries!
You feel much better. The tyrant leech barely misses you.
The tyrant leech bites you!!
* * * LOW HITPOINT WARNING * * *
The tyrant leech draws strength from your injuries!
You miss the tyrant leech.
The tyrant leech is lightly wounded.
The tyrant leech bites you!
* * * LOW HITPOINT WARNING * * *
The tyrant leech draws strength from your injuries!
The tyrant leech bites you.
You die...

##+## ##...##
#..#..#
####.#.####
##.###รท###.#
#...##.##.#
+###'.<.'.##
#...##.##ww#
##.###'###@#
## #...####
#.)#..# ##.
.## ## ##


You could see 2 tyrant leeches.

Vanquished Creatures
  A merfolk siren (D)
  4 neqoxecs (D)
  4 necrophages (D)
9 creatures vanquished.

Vanquished Creatures (others)
  Menkaure (D)
  A crocodile (D)
2 creatures vanquished.

Grand Total: 11 creatures vanquished

Notes
Turn   | Place    | Note
-------+----------+-------------------------------------------
     0 | D        | MuseOD the Merfolk Berserker began the quest for the Orb.
     0 | D        | Reached XP level 1. HP: 18/18 MP: 1/1
     1 | D        | Noticed a tyrant leech
     1 | D        | Noticed a tyrant leech
     4 | D        | Noticed a necrophage
     4 | D        | Noticed a necrophage
     4 | D        | Noticed a necrophage
     4 | D        | Noticed a necrophage
    11 | D        | Killed a necrophage
    11 | D        | Reached skill level 9 in Polearms
    11 | D        | Reached XP level 2. HP: 28/28 MP: 2/2
    11 | D        | Reached XP level 3. HP: 34/34 MP: 3/3
    11 | D        | Reached XP level 4. HP: 40/40 MP: 4/4
    17 | D        | Killed a necrophage
    17 | D        | Reached skill level 10 in Polearms
    17 | D        | Reached skill level 5 in Dodging
    17 | D        | Reached XP level 5. HP: 48/48 MP: 5/5
    27 | D        | Killed a necrophage
    27 | D        | Reached ** piety under Trog
    27 | D        | Reached skill level 12 in Polearms
    27 | D        | Reached XP level 6. HP: 56/56 MP: 6/6
    31 | D        | Killed a necrophage
    37 | D        | Killed Menkaure
   180 | D        | Noticed a merfolk siren
   206 | D        | Killed a merfolk siren
   206 | D        | Reached skill level 10 in Fighting
   206 | D        | Reached skill level 13 in Polearms
   206 | D        | Reached XP level 7. HP: 66/66 MP: 7/7
   211 | D        | Noticed a neqoxec
   211 | D        | Noticed a neqoxec
   211 | D        | Noticed a neqoxec
   211 | D        | Noticed a neqoxec
   215 | D        | Gained mutation: You are dopey. (Int -2) [a neqoxec]
   217 | D        | Killed a neqoxec
   217 | D        | Reached *** piety under Trog
   217 | D        | Reached skill level 14 in Polearms
   217 | D        | Reached skill level 5 in Stealth
   222 | D        | Killed a neqoxec
   222 | D        | Reached skill level 5 in Armour
   222 | D        | Reached XP level 8. HP: 73/73 MP: 8/8
   228 | D        | Gained mutation: Your magical capacity is low. (-10% MP) [a
                  | neqoxec]
   230 | D        | Gained mutation: Armour fits poorly on your strangely
                  | shaped body. [a neqoxec]
   233 | D        | Reached **** piety under Trog
   368 | D        | HP: 2/75 [tyrant leech (11)]
   368 | D        | Slain by a tyrant leech

Skill      XL: |  1  2  3  4  5  6  7  8 |
---------------+-------------------------+-----
Fighting       | 6 7 8 10 11 | 11.0
Polearms       | 9 10 12 13 14 | 14.5
Armour         | 2 3 4 5 |  5.4
Dodging        | 4 5 6 8 9 |  9.7
Stealth        | 4 5 6 |  6.3

Action                   |  1- 3 |  4- 6 |  7- 9 || total
-------------------------+-------+-------+-------++-------
Melee: Spear             |     6 |    44 |    29 ||    79
Invok: Berserk           |     1 |       |     2 ||     3
  Use: Potion            |       |       |     1 ||     1
Armor: Animal skin       |       |     1 |       ||     1
Dodge: Dodged            |     1 |     3 |     6 ||    10
